AoeStats
← Dragon

Lombardia

508284314Analyzed
3v3 RM · 10d ago on Sep 21, 2026· 49m 37s· 6 players
Game mode
Random Map
Map size
Normal (6 player)
Population
200
Speed
Normal
Resources
Standard
Victory
Conquest
Starting age
Dark Age
Ending age
Imperial Age
RankedLock teamsTeams togetherTeam positionsShared explorationLock speedFull tech treeHidden civsTurbo modeCheats
Victory
Defeat
🇨🇴 Persians · Colombia
1345
+14
🇺🇸 Malians · United States
1325
+15
🇹🇷 Franks · Türkiye
1288
+16
🇩🇪 Berbers · Germany
1312
-16
🇲🇦 Wu · Morocco
1299
-15
🇦🇷 Mongols · Argentina
1276
-14
+m<ssi
7:11 Loom
8:58 Feudal Age
10:05 Double-Bit Axe
20:16 Castle Age
18:34 Horse Collar
19:29 Town Watch
20:05 Forging
20:00 Scale Barding Armor
21:08 Bloodlines
20:59 Husbandry
21:21 Bow Saw
22:07 Scale Barding Armor
24:56 Iron Casting
27:44 Wheelbarrow
26:45 Light Cavalry
29:05 Stone Mining
29:06 Gold Mining
29:17 Heavy Plow
30:38 Chain Barding Armor
31:55 Hand Cart
35:30 Imperial Age
32:52 Fletching
33:02 Padded Archer Armor
33:58 Gold Shaft Mining
33:58 Stone Shaft Mining
34:34 Bodkin Arrow
34:54 Leather Archer Armor
35:02 Ballistics
34:52 Masonry
37:58 Chemistry
38:57 Heavy Camel Rider
touch grass
8:12 Loom
10:55 Feudal Age
15:23 Castle Age
16:22 Double-Bit Axe
16:19 Horse Collar
20:56 Bow Saw
22:46 Heavy Plow
22:49 Stone Mining
23:52 Wheelbarrow
26:31 Hand Cart
27:20 Gold Mining
28:10 Fletching
31:05 Imperial Age
30:49 Gold Shaft Mining
30:19 Red Cliffs Tactics
30:26 Padded Archer Armor
31:51 Ballistics
31:12 Treadmill Crane
31:24 Town Watch
31:37 Bodkin Arrow
32:25 Conscription
32:19 Bracer
32:35 Leather Archer Armor
33:29 Chemistry
32:32 Caravan
33:08 Guilds
34:01 Elite Fire Archer
37:22 Sitting Tiger
37:04 Pikeman
37:45 Squires
37:53 Scale Mail Armor
38:05 Halberdier
41:15 Chain Mail Armor
42:51 Plate Mail Armor
43:23 Forging
Dragon
11:04 Feudal Age
17:08 Castle Age
18:46 Squires
18:08 Pikeman
18:47 Loom
23:13 Fletching
26:22 Ballistics
26:07 Horse Collar
30:27 Double-Bit Axe
31:52 Bow Saw
37:39 Imperial Age
42:43 Husbandry
42:53 Bloodlines
42:04 Heavy Camel Rider
43:15 Scale Barding Armor
43:20 Forging
44:50 Chain Barding Armor
47:21 Plate Barding Armor
47:22 Iron Casting
46:42 Bodkin Arrow
46:48 Padded Archer Armor
[SICK] NAUTIKOS
10:57 Feudal Age
17:42 Castle Age
17:27 Horse Collar
17:34 Double-Bit Axe
28:14 Imperial Age
26:12 Heavy Plow
26:16 Gold Mining
27:08 Bloodlines
27:03 Husbandry
27:13 Light Cavalry
28:48 Scale Barding Armor
29:08 Treadmill Crane
29:31 Farimba
31:01 Forging
31:50 Wheelbarrow
33:33 Iron Casting
34:04 Chain Barding Armor
37:22 Plate Barding Armor
37:55 Squires
38:39 Heavy Camel Rider
39:12 Pikeman
41:51 Scale Mail Armor
42:42 Capped Ram
43:42 Chain Mail Armor
45:44 Plate Mail Armor
[SICK] WhiteSun
4:33 Loom
10:27 Feudal Age
13:54 Double-Bit Axe
19:15 Forging
21:53 Castle Age
20:32 Horse Collar
20:59 Scale Barding Armor
20:29 Man-at-Arms
21:23 Scale Mail Armor
21:52 Pikeman
21:55 Long Swordsman
23:19 Gold Mining
26:11 Bloodlines
26:27 Squires
27:50 Chain Mail Armor
27:55 Husbandry
27:48 Gambesons
29:57 Arson
32:50 Wheelbarrow
33:12 Iron Casting
33:12 Chain Barding Armor
34:52 Town Watch
39:28 Hand Cart
43:03 Imperial Age
40:36 Heavy Plow
41:41 Masonry
41:54 Stone Mining
42:40 Gold Shaft Mining
42:46 Cavalier
44:28 Blast Furnace
43:59 Plate Mail Armor
42:52 Capped Ram
44:04 Conscription
44:56 Plate Barding Armor
45:05 Crop Rotation
46:07 Stone Shaft Mining
44:56 Savar
47:12 Citadels
47:44 Siege Ram
El Sobeks
7:15 Loom
9:50 Feudal Age
10:51 Double-Bit Axe
17:29 Castle Age
19:12 Forging
21:26 Scale Barding Armor
24:04 Wheelbarrow
24:42 Bow Saw
26:30 Hand Cart
31:07 Imperial Age
28:58 Husbandry
29:01 Gold Mining
30:09 Chain Barding Armor
30:35 Town Watch
31:44 Gold Shaft Mining
32:09 Iron Casting
31:44 Cavalier
34:44 Blast Furnace
35:33 Chivalry
35:23 Paladin
36:42 Plate Barding Armor
38:39 Light Cavalry
43:35 Conscription
43:38 Town Patrol
Connection lost

Rejoining the realm…

Still unreachable

The connection could not be restored.

Session expired

The server has moved on; the page needs a fresh start.